Map: 어센션 투 아이어 - 래더

Players

INnoVation

  • Race: Terran Terran
  • League: Grandmaster
  • Spawn Location: 11:00

Classic - Winner!

  • Race: Protoss Protoss
  • League: Master
  • Spawn Location: 5:00

VOD

Have the link to the VOD?

Description

Time

  • Played on: Dec. 23, 2017, 4:37 a.m.
  • Length: 10:55
Show
View Real Time Build Order
Export as new Build Order

INnoVation Terran 

Build Orders: Reaper Expand, MMM Bio 

Get SALT Encoding   

  12  0:00  SCV  
  13  0:12  SCV  
  14  0:17  Supply Depot  
  14  0:25  SCV  
  15  0:38  SCV  
  15  0:39  Barracks  
  16  0:44  Refinery  
  16  0:50  SCV  
  17  1:02  SCV  
  18  1:14  SCV  
  19  1:26  Orbital Command  
  19  1:27  Reaper  
  20  1:41  Command Center  
  20  1:50  Supply Depot  
  20  1:52  SCV  
  21  1:59  Barracks Reactor  
  21  2:04  SCV  
  22  2:16  SCV  
  22  2:22  Command Center  
  23  2:28  SCV  
  24  2:30  Barracks  
  24  2:36  Marine x2  
  26  2:40  SCV  
  26  2:53  SCV, Bunker  
  26  2:56  Orbital Command  
  27  2:58  Marine  
  27  2:59  Marine  
  30  3:05  SCV  
  30  3:10  Engineering Bay  
  30  3:17  SCV  
  30  3:19  Barracks Tech Lab  
  31  3:22  SCV  
  31  3:25  Barracks  
  32  3:30  SCV  
  32  3:33  Orbital Command  
  33  3:34  SCV  
  33  3:38  Stimpack  
  33  3:40  Terran Infantry Weapons Level 1  
  34  3:42  SCV  
  34  3:44  Refinery  
  34  3:46  SCV  
  36  3:50  Marine x3  
  40  3:55  SCV  
  40  3:58  SCV x2  
  42  4:05  Factory  
  42  4:07  SCV  
  43  4:10  SCV  
  43  4:11  SCV, Refinery  
  43  4:12  Barracks Tech Lab  
  43  4:15  Refinery  
  45  4:18  Marine x3  
  45  4:20  SCV  
  45  4:23  SCV x2  
  51  4:28  Supply Depot  
  51  4:33  SCV, Combat Shields  
  51  4:35  SCV x2  
  54  4:42  Marine x2  
  54  4:45  SCV  
  57  4:47  SCV x2  
  57  4:51  Starport, Supply Depot  
  59  4:53  Factory Reactor  
  59  5:00  SCV  
  59  5:01  SCV x2  
  59  5:05  Orbital Command  
  59  5:06  Marauder x2  
  66  5:07  Marine x2  
  66  5:13  Supply Depot  
  66  5:14  Supply Depot  
  68  5:21  Barracks  
  68  5:22  Barracks  
  68  5:26  Marine x2  
  68  5:27  Marauder  
  72  5:29  Marauder  
  74  5:35  Medivac x2  
  74  5:38  Factory Reactor  
  74  5:39  Concussive Shells, Supply Depot  
  78  5:43  Missile Turret  
  78  5:45  Missile Turret  
  78  5:46  Marine x2  
  78  5:49  Marauder  
  82  5:50  Marauder  
  82  5:51  Orbital Command  
  82  5:53  Supply Depot  
  82  5:55  SCV x2  
  86  6:05  Terran Infantry Armor Level 1  
  86  6:07  Medivac x2, Supply Depot x2  
  86  6:10  Barracks Tech Lab, Barracks Reactor  
  90  6:12  Marauder x2  
  90  6:14  SCV x2  
  90  6:15  Marine x2  
  97  6:18  SCV  
  97  6:25  Widow Mine x2  
  100  6:26  SCV  
  100  6:31  SCV x2  
  100  6:32  Supply Depot  
  101  6:34  Liberator  
  101  6:35  Marauder  
  101  6:36  Marauder, Liberator  
  101  6:38  SCV  
  101  6:39  Marauder  
  108  6:41  Marine x2  
  114  6:48  Widow Mine x2  
  120  7:00  Marauder x3  
  126  7:05  Supply Depot  
  126  7:07  Marine x2, Supply Depot  
  126  7:08  Marine x2  
  130  7:14  Widow Mine x2  
  132  7:19  Liberator  
  132  7:21  Marauder  
  133  7:29  Supply Depot  
  133  7:31  Marine x4, Marauder x2  
  133  7:33  Liberator  
  133  7:35  Supply Depot  
  133  7:36  Supply Depot  
  144  7:37  Widow Mine x2  
  144  7:39  Supply Depot  
  144  7:40  Refinery x2  
  148  7:51  Marauder  
  153  7:53  Marauder x2  
  153  7:54  Marine  
  153  7:55  Marine  
  153  7:56  Marine x2  
  156  7:59  Widow Mine x2  
  143  8:18  Marauder x3  
  143  8:19  Marine  
  146  8:20  Marine x3  
  146  8:22  SCV x3  
  139  8:30  Widow Mine x2  
  101  8:43  Marauder x2  
  101  8:45  Marauder  
  103  8:50  Marine x2  
  103  8:51  Marine  
  101  9:00  Widow Mine x2  
  101  9:03  Medivac  
  101  9:06  Medivac  
  104  9:13  Marauder x2  
  110  9:17  Marauder  
  110  9:19  Marine  
  110  9:20  Marine x2  
  110  9:21  Marine  
  116  9:24  Widow Mine  
  116  9:26  Widow Mine  
  118  9:37  Marine, Marauder x2  
  118  9:38  Marine x2, Marauder  
  111  9:48  Widow Mine x2  
  93  9:55  Medivac x2  
  93  9:58  Marauder x2  
  93  9:59  Marine x2  
  91  10:00  Marine  
  91  10:01  Marine  
  91  10:03  SCV x3  
  91  10:04  Marauder  
  100  10:09  Widow Mine x2  
  104  10:20  Marauder x2  
  108  10:24  Marine x4  
  108  10:26  Marauder  
  114  10:31  Widow Mine x2  
Show
View Real Time Build Order
Export as new Build Order

Classic Protoss - Winner!

Build Orders: 1 Gate Expand, Double Forge, Archon Immortal, Blink Stalkers, Zealot Archon 

Get SALT Encoding   

  12  0:00  Probe  
  13  0:12  Probe  
  14  0:18  Pylon  
  14  0:24  Probe (Chrono Boost)  
  15  0:37  Probe (Chrono Boost), Gateway  
  16  0:44  Probe (Chrono Boost)  
  16  0:45  Assimilator  
  17  0:51  Probe  
  18  1:03  Probe  
  19  1:15  Probe  
  20  1:22  Nexus  
  20  1:33  Cybernetics Core  
  20  1:34  Probe  
  21  1:40  Assimilator  
  21  1:46  Probe  
  22  1:50  Pylon  
  22  1:58  Probe  
  23  2:06  Stalker (Chrono Boost)  
  23  2:10  Probe, Warp Gate  
  26  2:21  Robotics Facility  
  26  2:25  Probe (Chrono Boost)  
  27  2:34  Probe (Chrono Boost)  
  28  2:37  Probe (Chrono Boost)  
  30  2:44  Stalker  
  30  2:45  Probe (Chrono Boost)  
  30  2:46  Probe (Chrono Boost)  
  30  2:49  Probe (Chrono Boost)  
  34  2:51  Probe  
  35  3:00  Probe, Twilight Council  
  35  3:03  Probe  
  37  3:08  Observer  
  37  3:12  Probe  
  39  3:15  Probe  
  39  3:17  Gateway  
  40  3:20  Gateway  
  42  3:29  Probe x2, Stalker  
  44  3:34  Pylon  
  44  3:37  Blink (Chrono Boost)  
  44  3:41  Probe  
  45  3:42  Probe  
  45  3:45  Assimilator  
  46  3:52  Pylon  
  46  3:53  Probe  
  46  3:54  Probe, Observer  
  49  4:05  Probe  
  49  4:06  Probe  
  51  4:13  Nexus  
  51  4:15  Pylon  
  51  4:19  Probe x2  
  53  4:24  Observer  
  53  4:30  Forge  
  54  4:32  Probe x2, Forge  
  56  4:44  Probe x2  
  58  4:47  Observer  
  59  4:55  Gateway  
  59  4:56  Probe x2  
  59  4:57  Gateway  
  59  4:58  Gateway  
  61  5:04  Gateway  
  61  5:05  Gateway  
  61  5:10  Probe x2, Protoss Ground Armor Level 1 (Chrono Boost)  
  61  5:13  Protoss Ground Weapons Level 1 (Chrono Boost)  
  63  5:24  Warp Prism  
  63  5:25  Probe  
  63  5:26  Probe x2  
  68  5:32  Stalker x2  
  68  5:34  Stalker  
  74  5:38  Probe  
  74  5:39  Probe x2  
  74  5:41  Pylon  
  77  5:44  Charge  
  77  5:45  Assimilator  
  77  5:49  Assimilator  
  77  5:51  Probe x3  
  80  5:59  Templar Archives  
  80  6:05  Nexus  
  80  6:07  Pylon  
  80  6:09  Probe x3  
  83  6:13  Pylon  
  83  6:18  Immortal  
  81  6:33  Stalker x3  
  81  6:34  Zealot x2, Sentry  
  81  6:35  Zealot  
  81  6:36  Zealot  
  81  6:37  Protoss Ground Armor Level 2 (Chrono Boost), Protoss Ground Weapons Level 2 (Chrono Boost)  
  97  6:47  Gateway  
  97  6:48  Gateway  
  97  6:56  Zealot x2, Pylon  
  97  6:59  Stalker  
  103  7:02  Zealot  
  103  7:05  High Templar x2  
  109  7:09  Archon  
  109  7:16  Pylon  
  109  7:18  Pylon  
  109  7:20  Pylon  
  109  7:22  Pylon  
  107  7:24  Pylon  
  107  7:30  Zealot  
  107  7:33  Nexus, Immortal (Chrono Boost)  
  107  7:34  Zealot x3  
  107  7:35  Zealot  
  121  7:43  High Templar x2  
  121  7:44  Zealot  
  127  7:52  Zealot x3  
  127  7:56  Archon, Pylon  
  127  7:57  Pylon  
  133  7:58  High Templar  
  133  7:59  Zealot x3  
  139  8:06  High Templar  
  139  8:08  Immortal  
  139  8:10  Archon  
  139  8:13  Zealot  
  139  8:14  Zealot x2  
  139  8:16  Stalker x2  
  145  8:23  Stalker x3  
  117  8:34  Zealot x4  
  117  8:40  Zealot x2  
  117  8:41  Zealot  
  115  8:47  Probe x4  
  117  9:01  Probe  
  117  9:02  Probe  
  121  9:09  Zealot x4, Sentry, Warp Prism (Chrono Boost)  
  131  9:19  Zealot x2  
  131  9:20  Zealot, High Templar  
  131  9:22  High Templar  
  141  9:27  Archon  
  141  9:35  Zealot x5  
  151  9:40  Zealot x3  
  141  9:45  Immortal  
  121  9:59  Pylon  
  107  10:01  Zealot, High Templar x2  
  107  10:02  Zealot x6  
  107  10:04  Zealot  
  107  10:06  Archon  
  127  10:09  Pylon  
  127  10:22  High Templar x2  
  127  10:23  Zealot x5  
  127  10:26  Archon  
  127  10:27  Stalker  
  143  10:35  Zealot x2  
  147  10:45  Zealot  
  147  10:46  Zealot  
Tags
 
Add a new tag
Caveats
  • Supply blocks, unpowered buildings, or Contaminate may cause inaccurate times.
  • Supply counts are checked every 10 seconds.